Firebirds vs Rockets
Created - December 3, 2024 at 22:12
Goals
|
| Firebirds |
1 |
1 |
0 |
2 |
| Rockets |
1 |
0 |
0 |
1 |
|
Shots
|
| Firebirds |
13 |
3 |
19 |
35 |
| Rockets |
9 |
7 |
2 |
18 |
|
1st period
1. Rockets , Quinn Hughes 1 (John Marino 1, Pyotr Kochetkov) at 1:25 (PP)
2. Firebirds , Jonah Gadjovich 4 (Dylan Coghlan 1, Sasha Chmelevski 1) at 14:53
Penalties :
Kyle Capobianco (Coa) for Slashing (Minor) at 0:49, Thomas Spelling (Coa) for Hooking (Minor) at 1:49
2nd period
3. Firebirds , Hayden Hodgson 6 (Victor Mete 6, Jake Evans 13) at 12:01 (SH)
Penalties :
Josh Anderson (Lav) for Tripping (Minor) at 2:55, Eric Robinson (Coa) for Cross-checking (Minor) at 11:49, Matthew Kiersted (Coa) for Delaying the game (Minor) at 17:18
3rd period
No Goal
Penalties :
Pierre-Luc Dubois (Coa) for Kneeing (Minor) at 2:49, Josh Anderson (Lav) for Hooking (Minor) at 14:08, Aliaksei Protas (Lav) for Roughing (Minor) at 17:09
Goalie Stats
Cayden Primeau (Coa), 17 saves from 18 shots - (0.944), W, 7-6-3, 60:00 minutes
Pyotr Kochetkov (Lav), 33 saves from 35 shots - (0.943), L, 3-8-0, 59:22 minutes
Players Stats for Firebirds
Player Name G A P +/- PIM S H SB GA TA FO MP PP MP PK MP
------------------------------------------------------------------------------------
Artur Kayumov 0 0 0 0 0 0 0 0 0 0 0/0 0:00 0:00 0:00
Corey Shueneman 0 0 0 1 0 2 0 2 0 1 0/0 23:42 3:25 3:32
Dylan Coghlan 0 1 1 1 0 0 0 1 0 2 0/0 19:58 2:32 4:24
Eric Robinson 0 0 0 0 2 2 1 0 0 0 0/0 18:09 2:42 2:57
Fredrik Olofsson 0 0 0 0 0 0 0 0 0 0 0/0 13:29 0:15 2:03
Hayden Hodgson 1 0 1 1 0 6 1 1 1 1 0/1 22:13 3:02 3:41
Jacob Middleton 0 0 0 0 0 0 0 1 0 0 0/0 9:18 0:00 0:00
Jacob Olofsson 0 0 0 0 0 0 0 0 0 0 0/0 0:18 0:00 0:07
Jake Evans 0 1 1 1 0 7 1 0 0 1 14/27 21:40 3:12 3:40
Jasper Weatherby 0 0 0 0 0 3 0 0 1 0 0/5 12:09 0:00 1:48
John Ludvig 0 0 0 0 0 0 0 1 0 0 0/0 7:59 0:00 1:05
Jonah Gadjovich 1 0 1 1 0 4 0 0 0 1 0/0 8:40 0:01 0:07
Kyle Capobianco 0 0 0 0 2 0 0 0 0 0 0/0 11:36 0:00 1:15
Maksim Sushko 0 0 0 0 0 1 0 0 0 0 0/0 10:28 0:13 0:00
Matej Blumel 0 0 0 1 0 0 0 0 0 0 0/0 7:58 0:00 0:00
Matthew Kiersted 0 0 0 1 2 0 1 0 0 0 0/0 18:42 2:32 3:16
Maxence Guenette 0 0 0 0 0 0 0 0 0 0 0/0 6:08 0:00 0:00
Nikita Alexandrov 0 0 0 0 0 0 0 0 0 0 0/0 0:00 0:00 0:00
Parker Kelly 0 0 0 0 0 0 0 0 0 0 0/0 0:00 0:00 0:00
Pierre-Luc Dubois 0 0 0 0 2 1 4 0 0 0 3/8 15:33 2:42 1:48
Sasha Chmelevski 0 1 1 1 0 0 1 1 0 0 1/6 8:42 0:00 0:53
Stelio Mattheos 0 0 0 0 0 0 0 0 0 0 0/0 0:00 0:00 0:00
Thomas Spelling 0 0 0 0 2 6 0 0 0 0 0/0 17:49 3:02 0:00
Victor Mete 0 1 1 1 0 1 1 1 0 0 0/0 22:56 3:25 3:32
Wade Allison 0 0 0 0 0 2 2 0 0 0 2/2 13:56 2:42 0:00
Players Stats for Rockets
Player Name G A P +/- PIM S H SB GA TA FO MP PP MP PK MP
------------------------------------------------------------------------------------
Alex Newhook 0 0 0 0 0 0 2 0 0 0 0/0 11:43 0:34 1:12
Alexander Romanov 0 0 0 0 0 0 0 0 0 0 0/0 9:57 0:28 0:00
Aliaksei Protas 0 0 0 -1 2 0 0 0 0 0 0/1 6:06 0:57 0:00
Arber Xhekaj 0 0 0 0 0 0 0 0 0 0 0/0 5:35 0:00 0:00
Cole Caufield 0 0 0 0 0 1 0 0 0 0 0/0 12:29 0:08 2:04
Eetu Luostarinen 0 0 0 -2 0 2 2 2 0 0 1/2 20:51 3:27 2:38
Garret Pilon 0 0 0 0 0 1 2 0 0 0 3/4 10:33 0:45 0:00
Jacob Bryson 0 0 0 -1 0 0 1 0 0 0 0/0 18:53 3:56 3:05
Jacob De La Rose 0 0 0 -1 0 0 1 0 0 0 15/27 24:46 3:05 3:00
Jayden Struble 0 0 0 0 0 0 0 0 0 0 0/0 5:35 0:00 0:00
Jeff Corbett 0 0 0 -1 0 1 0 0 2 0 0/0 18:53 3:56 3:05
Joel Teasdale 0 0 0 0 0 0 0 0 0 0 0/0 7:23 0:00 0:00
John Marino 0 1 1 -1 0 1 2 3 1 0 0/0 25:35 4:08 2:52
Josh Anderson 0 0 0 -2 4 2 1 1 0 0 0/1 19:55 3:27 0:54
Kirby Dach 0 0 0 0 0 0 0 0 0 0 0/0 7:53 0:45 0:00
Matias Maccelli 0 0 0 0 0 3 1 0 0 0 1/1 16:48 4:04 0:00
Moritz Seider 0 0 0 0 0 0 0 0 0 0 0/0 9:57 0:28 0:00
Nick Suzuki 0 0 0 0 0 4 0 1 1 1 9/13 18:34 4:12 2:06
Quinn Hughes 1 0 1 -1 0 2 1 4 1 1 0/0 25:40 4:08 2:52
Tage Thompson 0 0 0 0 0 1 1 0 1 0 0/0 16:54 4:12 0:00
3 Stars
1 - Hayden Hodgson (Coa)
2 - Pyotr Kochetkov (Lav)
3 - Jonah Gadjovich (Coa)
Power Play
Firebirds - 0 on 3 Attempt(s) - 0.00%
Rockets - 1 on 5 Attempt(s) - 20.00%
Penalty Kill
Firebirds - 4 on 5 Attempt(s) - 80.00%
- Score 1 goal in Penalty Kill
Rockets - 3 on 3 Attempt(s) - 100.00%
- Score 0 goal in Penalty Kill
Team Stat
Firebirds - Hits : 12 - Faceoff Wins : 20 - Blocked Shots : 8 - Penalty Minutes : 10
Rockets - Hits : 14 - Faceoff Wins : 29 - Blocked Shots : 11 - Penalty Minutes : 6
Official
Referees : Chris Lee and Dan O'Rourke
Linesman : Libor Suchanek and Tyson Baker
Game Notes
No Game Note
Finance
Level 1 -- Attendance: 1702 (85.10%) -- Ticket Income $119,140
Level 2 -- Attendance: 906 (90.60%) -- Ticket Income $36,240
Total Attendance: 2608 (86.93%)
Total Ticket Income: $155,380
Other Income: $7,769
Total Income: $163,149
Firebirds
5 vs 5 Forward
Center Left Wing Right Wing Time % Phy DF OF
1 Jake Evans Hayden Hodgson Thomas Spelling 40 1 2 2
2 Pierre-Luc Dubois Eric Robinson Wade Allison 30 1 2 2
3 Jasper Weatherby Fredrik Olofsson Maksim Sushko 20 1 2 2
4 Sasha Chmelevski Jonah Gadjovich Matej Blumel 10 1 2 2
5 vs 5 Defense
Defense Defense Time % Phy DF OF
1 Corey Shueneman Victor Mete 40 1 2 2
2 Dylan Coghlan Matthew Kiersted 30 1 2 2
3 Jacob Middleton Kyle Capobianco 20 1 2 2
4 John Ludvig Maxence Guenette 10 1 2 2
PowerPlay Forward
Center Left Wing Right Wing Time % Phy DF OF
1 Jake Evans Hayden Hodgson Thomas Spelling 60 1 2 2
2 Pierre-Luc Dubois Eric Robinson Wade Allison 40 1 2 2
PowerPlay Defense
Defense Defense Time % Phy DF OF
1 Corey Shueneman Victor Mete 60 1 2 2
2 Dylan Coghlan Matthew Kiersted 40 1 2 2
Penalty Kill 4 Players Forward
Center Wing Time % Phy DF OF
1 Jake Evans Hayden Hodgson 60 1 2 2
2 Pierre-Luc Dubois Eric Robinson 40 1 2 2
Penalty Kill 4 Players Defense
Defense Defense Time % Phy DF OF
1 Corey Shueneman Victor Mete 60 1 2 2
2 Dylan Coghlan Matthew Kiersted 40 1 2 2
Penalty Kill - 3 Players Forward
Forward Time % Phy DF OF
1 Jake Evans 60 1 2 2
2 Pierre-Luc Dubois 40 1 2 2
Penalty Kill - 3 Players Defense
Defense Defense Time % Phy DF OF
1 Corey Shueneman Victor Mete 60 1 2 2
2 Dylan Coghlan Matthew Kiersted 40 1 2 2
4 vs 4 Forward
Center Wing Time % Phy DF OF
1 Jake Evans Hayden Hodgson 60 1 2 2
2 Pierre-Luc Dubois Eric Robinson 40 1 2 2
4 vs 4 Defense
Defense Defense Time % Phy DF OF
1 Corey Shueneman Victor Mete 60 1 2 2
2 Dylan Coghlan Matthew Kiersted 40 1 2 2
Last Minutes Offensive
Center Left Wing Right Wing Defense Defense
Jake Evans Hayden Hodgson Thomas Spelling Corey Shueneman Victor Mete
Last Minutes Defensive
Center Left Wing Right Wing Defense Defense
Jake Evans Hayden Hodgson Thomas Spelling Corey Shueneman Victor Mete
Goaltenders
Starting : Cayden Primeau
Backup : Jakub Skarek
Extra Forwards
Normal : Eric Robinson, Fredrik Olofsson, Wade Allison - PP : Eric Robinson, Fredrik Olofsson - PK : Eric Robinson
Extra Defensemen
Normal : Kyle Capobianco, John Ludvig, Maxence Guenette - PP : Kyle Capobianco - PK : Kyle Capobianco, John Ludvig
Penalty Shots
Hayden Hodgson, Thomas Spelling, Jake Evans, Pierre-Luc Dubois, Eric Robinson
Custom OT Lines Forwards
Hayden Hodgson, Thomas Spelling, Jake Evans, Pierre-Luc Dubois, Eric Robinson, Fredrik Olofsson, Wade Allison, Jonah Gadjovich, Jasper Weatherby, Maksim Sushko
Custom OT Lines Defensemen
Corey Shueneman, Victor Mete, Dylan Coghlan, Matthew Kiersted, Jacob Middleton
Scratches
Charlie McAvoy (Suspend), Valentin Nussbaumer (Healthy), Bobby Brink (Healthy), Ian Scott (Healthy)
Rockets
5 vs 5 Forward
Center Left Wing Right Wing Time % Phy DF OF
1 Jacob De La Rose Eetu Luostarinen Josh Anderson 40 1 2 2
2 Nick Suzuki Matias Maccelli Tage Thompson 30 1 2 2
3 Garret Pilon Alex Newhook Cole Caufield 20 1 2 2
4 Jacob De La Rose Joel Teasdale Kirby Dach 10 1 2 2
5 vs 5 Defense
Defense Defense Time % Phy DF OF
1 Quinn Hughes John Marino 40 1 2 2
2 Jeff Corbett Jacob Bryson 30 1 2 2
3 Alexander Romanov Moritz Seider 20 1 2 2
4 Arber Xhekaj Jayden Struble 10 1 2 2
PowerPlay Forward
Center Left Wing Right Wing Time % Phy DF OF
1 Jacob De La Rose Eetu Luostarinen Josh Anderson 60 1 2 2
2 Nick Suzuki Matias Maccelli Tage Thompson 40 1 2 2
PowerPlay Defense
Defense Defense Time % Phy DF OF
1 Quinn Hughes John Marino 60 1 2 2
2 Jeff Corbett Jacob Bryson 40 1 2 2
Penalty Kill 4 Players Forward
Center Wing Time % Phy DF OF
1 Jacob De La Rose Josh Anderson 60 1 2 2
2 Nick Suzuki Eetu Luostarinen 40 1 2 2
Penalty Kill 4 Players Defense
Defense Defense Time % Phy DF OF
1 Quinn Hughes John Marino 60 1 2 2
2 Jeff Corbett Jacob Bryson 40 1 2 2
Penalty Kill - 3 Players Forward
Forward Time % Phy DF OF
1 Jacob De La Rose 60 1 2 2
2 Josh Anderson 40 1 2 2
Penalty Kill - 3 Players Defense
Defense Defense Time % Phy DF OF
1 Quinn Hughes John Marino 60 1 2 2
2 Jeff Corbett Jacob Bryson 40 1 2 2
4 vs 4 Forward
Center Wing Time % Phy DF OF
1 Jacob De La Rose Josh Anderson 60 1 2 2
2 Nick Suzuki Eetu Luostarinen 40 1 2 2
4 vs 4 Defense
Defense Defense Time % Phy DF OF
1 Quinn Hughes John Marino 60 1 2 2
2 Jeff Corbett Jacob Bryson 40 1 2 2
Last Minutes Offensive
Center Left Wing Right Wing Defense Defense
Jacob De La Rose Eetu Luostarinen Josh Anderson Quinn Hughes John Marino
Last Minutes Defensive
Center Left Wing Right Wing Defense Defense
Jacob De La Rose Eetu Luostarinen Josh Anderson Quinn Hughes John Marino
Goaltenders
Starting : Pyotr Kochetkov
Backup : Justus Annunen
Extra Forwards
Normal : Aliaksei Protas, Garret Pilon, Cole Caufield - PP : Aliaksei Protas, Garret Pilon - PK : Cole Caufield
Extra Defensemen
Normal : Alexander Romanov, Moritz Seider, Arber Xhekaj - PP : Alexander Romanov - PK : Moritz Seider, Arber Xhekaj
Penalty Shots
Jacob De La Rose, Josh Anderson, Nick Suzuki, Eetu Luostarinen, Garret Pilon
Custom OT Lines Forwards
Jacob De La Rose, Josh Anderson, Nick Suzuki, Eetu Luostarinen, Garret Pilon, Matias Maccelli, Tage Thompson, Cole Caufield, Alex Newhook, Joel Teasdale
Custom OT Lines Defensemen
Quinn Hughes, John Marino, Jeff Corbett, Jacob Bryson, Alexander Romanov
Scratches
Eric Karlsson (Healthy), Grant Besse (Healthy), Hunter Drew (Healthy), Zach Stepan (Healthy), Michael Pezzetta (Healthy)
Zachary Gallant (Healthy), Ville Heinola (Healthy), Olle Eriksson Ek (Healthy)
% Time on Ice - Firebirds
Lines # - Real PCT - Wanted PCT - Time Play
Normal Forward
1 - 37% - 40% - 16:22
2 - 26% - 30% - 11:24
3 - 20% - 20% - 8:57
4 - 18% - 10% - 7:58
Normal Defense
1 - 38% - 40% - 17:05
2 - 29% - 30% - 12:58
3 - 21% - 20% - 9:18
4 - 12% - 10% - 5:20
PP Forward
1 - 55% - 60% - 3:15
2 - 45% - 40% - 2:42
PP Defense
1 - 57% - 60% - 3:25
2 - 43% - 40% - 2:32
PK Forward
1 - 56% - 60% - 4:45
2 - 44% - 40% - 3:47
PK Defense
1 - 48% - 60% - 4:08
2 - 52% - 40% - 4:24
PK3 Forward
1 - 0% - 60%
2 - 0% - 40%
PK3 Defense
1 - 0% - 60%
2 - 0% - 40%
44 Forward
1 - 0% - 60%
2 - 0% - 40%
44 Defense
1 - 0% - 60%
2 - 0% - 40%
Last Minute Offensive - 0:00
Last Minute Defensive - 0:50
Total
Forward - 60:00
Defense - 60:00
|
% Time on Ice - Rockets
Lines # - Real PCT - Wanted PCT - Time Play
Normal Forward
1 - 33% - 40% - 14:49
2 - 29% - 30% - 12:55
3 - 22% - 20% - 9:53
4 - 16% - 10% - 7:05
Normal Defense
1 - 40% - 40% - 17:46
2 - 27% - 30% - 11:52
3 - 21% - 20% - 9:29
4 - 12% - 10% - 5:35
PP Forward
1 - 40% - 60% - 3:27
2 - 60% - 40% - 5:05
PP Defense
1 - 48% - 60% - 4:08
2 - 52% - 40% - 4:24
PK Forward
1 - 91% - 60% - 5:26
2 - 9% - 40% - 0:31
PK Defense
1 - 48% - 60% - 2:52
2 - 52% - 40% - 3:05
PK3 Forward
1 - 0% - 60%
2 - 0% - 40%
PK3 Defense
1 - 0% - 60%
2 - 0% - 40%
44 Forward
1 - 0% - 60%
2 - 0% - 40%
44 Defense
1 - 0% - 60%
2 - 0% - 40%
Last Minute Offensive - 0:49
Last Minute Defensive - 0:00
Total
Forward - 60:00
Defense - 60:00
|
Play-by-Play
1st period
0:01 of 1st period - Jake Evans wins face-off versus Josh Anderson in neutral zone.
0:12 of 1st period - Slapshot by Thomas Spelling.
0:12 of 1st period - Stopped by Pyotr Kochetkov without a rebound.
0:13 of 1st period - Nick Suzuki wins face-off versus Pierre-Luc Dubois in Rockets zone.
0:13 of 1st period - Nick Suzuki is hit by Wade Allison.
0:49 of 1st period - Minor Penalty to Kyle Capobianco for Slashing.
0:50 of 1st period - Jake Evans wins face-off versus Jacob De La Rose in Firebirds zone.
1:25 of 1st period - Slapshot by Quinn Hughes.
1:25 of 1st period - Goal by Quinn Hughes - Firebirds : 0 - Rockets : 1.
1:26 of 1st period - Jake Evans wins face-off versus Jacob De La Rose in neutral zone.
1:49 of 1st period - Minor Penalty to Thomas Spelling for Hooking.
1:50 of 1st period - Jacob De La Rose wins face-off versus Jake Evans in Firebirds zone.
2:17 of 1st period - Tage Thompson is hit by Pierre-Luc Dubois and loses puck.
2:28 of 1st period - Pierre-Luc Dubois is hit by Quinn Hughes and loses puck.
2:47 of 1st period - Wrist shot by Eric Robinson.
2:47 of 1st period - Stopped by Pyotr Kochetkov with a rebound.
3:49 of 1st period - Penalty to Thomas Spelling is over, Thomas Spelling is back on ice.
3:52 of 1st period - Kyle Capobianco is hit by Josh Anderson and loses puck.
4:23 of 1st period - Backhand shot by Moritz Seider.
4:23 of 1st period - Shot Misses the Net.
4:41 of 1st period - Alexander Romanov is hit by Pierre-Luc Dubois and loses puck.
5:43 of 1st period - Wrist shot by Wade Allison.
5:43 of 1st period - Stopped by Pyotr Kochetkov without a rebound.
5:44 of 1st period - Pierre-Luc Dubois wins face-off versus Garret Pilon in Rockets zone.
5:45 of 1st period - Slapshot by Eric Robinson.
5:45 of 1st period - Shot Misses the Net.
5:47 of 1st period - Slapshot by Eric Robinson.
5:47 of 1st period - Deflect By Pierre-Luc Dubois.
5:47 of 1st period - Shot Misses the Net.
5:47 of 1st period - Puck is out of play.
5:48 of 1st period - Garret Pilon wins face-off versus Jake Evans in Rockets zone.
6:04 of 1st period - Wrist shot by Jake Evans.
6:04 of 1st period - Shot Misses the Net.
6:40 of 1st period - Snap shot by Nick Suzuki.
6:40 of 1st period - Stopped by Cayden Primeau without a rebound.
6:41 of 1st period - Nick Suzuki wins face-off versus Jasper Weatherby in Firebirds zone.
6:44 of 1st period - Wrist shot by Nick Suzuki.
6:44 of 1st period - Stopped by Cayden Primeau without a rebound.
6:45 of 1st period - Jacob De La Rose wins face-off versus Jake Evans in Firebirds zone.
7:10 of 1st period - Icing by Josh Anderson.
7:11 of 1st period - Matias Maccelli wins face-off versus Pierre-Luc Dubois in Rockets zone.
7:25 of 1st period - Wrist shot by Nick Suzuki.
7:25 of 1st period - Deflect By Matias Maccelli.
7:25 of 1st period - Stopped by Cayden Primeau with a rebound.
8:02 of 1st period - Wrist shot by Jasper Weatherby.
8:02 of 1st period - Stopped by Pyotr Kochetkov without a rebound.
8:03 of 1st period - Nick Suzuki wins face-off versus Jasper Weatherby in Rockets zone.
8:32 of 1st period - Snap shot by Josh Anderson.
8:32 of 1st period - Stopped by Cayden Primeau without a rebound.
8:33 of 1st period - Jake Evans wins face-off versus Jacob De La Rose in Firebirds zone.
8:39 of 1st period - Icing by Hayden Hodgson.
8:40 of 1st period - Jake Evans wins face-off versus Jacob De La Rose in Firebirds zone.
8:40 of 1st period - Jake Evans is hit by Eetu Luostarinen.
8:46 of 1st period - Snap shot by Jake Evans.
8:46 of 1st period - Deflect By Jacob Bryson.
8:46 of 1st period - Shot Misses the Net.
8:46 of 1st period - Puck is out of play.
8:47 of 1st period - Jacob De La Rose wins face-off versus Jake Evans in Rockets zone.
9:38 of 1st period - Snap shot by Eetu Luostarinen.
9:38 of 1st period - Stopped by Cayden Primeau without a rebound.
9:39 of 1st period - Nick Suzuki wins face-off versus Pierre-Luc Dubois in Firebirds zone.
9:50 of 1st period - Snap shot by Nick Suzuki.
9:50 of 1st period - Shot Blocked by Jacob Middleton.
10:10 of 1st period - Slapshot by Quinn Hughes.
10:10 of 1st period - Shot Blocked by Corey Shueneman.
10:12 of 1st period - Snap shot by Garret Pilon.
10:12 of 1st period - Stopped by Cayden Primeau with a rebound.
10:14 of 1st period - Slapshot by John Marino.
10:14 of 1st period - Shot Misses the Net.
10:32 of 1st period - Wrist shot by Jonah Gadjovich.
10:32 of 1st period - Stopped by Pyotr Kochetkov with a rebound.
10:48 of 1st period - Snap shot by Wade Allison.
10:48 of 1st period - Shot Misses the Net.
11:16 of 1st period - Wrist shot by Hayden Hodgson.
11:16 of 1st period - Stopped by Pyotr Kochetkov with a rebound.
12:02 of 1st period - Snap shot by Matias Maccelli.
12:02 of 1st period - Stopped by Cayden Primeau with a rebound.
12:20 of 1st period - Garret Pilon is hit by Matthew Kiersted and loses puck.
12:29 of 1st period - Slapshot by Jake Evans.
12:29 of 1st period - Deflect By Hayden Hodgson.
12:29 of 1st period - Stopped by Pyotr Kochetkov with a rebound.
12:31 of 1st period - Wrist shot by Dylan Coghlan.
12:31 of 1st period - Shot Blocked by Quinn Hughes.
12:33 of 1st period - Slapshot by Hayden Hodgson.
12:33 of 1st period - Deflect By Jake Evans.
12:33 of 1st period - Stopped by Pyotr Kochetkov with a rebound.
13:16 of 1st period - Icing by Jake Evans.
13:17 of 1st period - Jake Evans wins face-off versus Aliaksei Protas in Firebirds zone.
13:26 of 1st period - Josh Anderson is hit by Eric Robinson and loses puck.
13:31 of 1st period - Slapshot by Pierre-Luc Dubois.
13:31 of 1st period - Shot Misses the Net.
13:33 of 1st period - Snap shot by Eric Robinson.
13:33 of 1st period - Stopped by Pyotr Kochetkov without a rebound.
13:34 of 1st period - Nick Suzuki wins face-off versus Jake Evans in Rockets zone.
14:07 of 1st period - Snap shot by Pierre-Luc Dubois.
14:07 of 1st period - Shot Blocked by John Marino.
14:09 of 1st period - Slapshot by Victor Mete.
14:09 of 1st period - Shot Blocked by Quinn Hughes.
14:31 of 1st period - Backhand shot by Matias Maccelli.
14:31 of 1st period - Shot Misses the Net.
14:47 of 1st period - Snap shot by Jonah Gadjovich.
14:47 of 1st period - Shot Blocked by Josh Anderson.
14:53 of 1st period - Wrist shot by Jonah Gadjovich.
14:53 of 1st period - Goal by Jonah Gadjovich - Firebirds : 1 - Rockets : 1.
14:54 of 1st period - Jacob De La Rose wins face-off versus Jake Evans in neutral zone.
15:05 of 1st period - Slapshot by Hayden Hodgson.
15:05 of 1st period - Shot Blocked by Eetu Luostarinen.
15:45 of 1st period - Wrist shot by Wade Allison.
15:45 of 1st period - Stopped by Pyotr Kochetkov without a rebound.
15:46 of 1st period - Jacob De La Rose wins face-off versus Pierre-Luc Dubois in Rockets zone.
15:46 of 1st period - Jacob De La Rose is hit by Pierre-Luc Dubois.
16:12 of 1st period - Matias Maccelli is hit by Hayden Hodgson.
17:41 of 1st period - Wrist shot by Thomas Spelling.
17:41 of 1st period - Stopped by Pyotr Kochetkov without a rebound.
17:42 of 1st period - Eetu Luostarinen wins face-off versus Jake Evans in Rockets zone.
17:47 of 1st period - Slapshot by Jake Evans.
17:47 of 1st period - Shot Misses the Net.
17:49 of 1st period - Wrist shot by Hayden Hodgson.
17:49 of 1st period - Stopped by Pyotr Kochetkov with a rebound.
18:07 of 1st period - Eric Robinson is hit by Matias Maccelli and loses puck.
18:16 of 1st period - Slapshot by Matias Maccelli.
18:16 of 1st period - Shot Misses the Net.
18:34 of 1st period - Backhand shot by Garret Pilon.
18:34 of 1st period - Shot Misses the Net.
18:46 of 1st period - Quinn Hughes is hit by Victor Mete and loses puck.
19:20 of 1st period - Snap shot by Nick Suzuki.
19:20 of 1st period - Shot Blocked by Sasha Chmelevski.
19:22 of 1st period - Snap shot by Tage Thompson.
19:22 of 1st period - Stopped by Cayden Primeau without a rebound.
19:23 of 1st period - Wade Allison wins face-off versus Jacob De La Rose in Firebirds zone.
19:56 of 1st period - Off-side.
19:57 of 1st period - Jake Evans wins face-off versus Nick Suzuki in neutral zone.
Goals for this period are 1 for Firebirds vs 1 for Rockets.
Shots for this period are 13 for Firebirds vs 9 for Rockets.
2nd period
0:01 of 2nd period - Jacob De La Rose wins face-off versus Hayden Hodgson in neutral zone.
0:08 of 2nd period - Wrist shot by Eetu Luostarinen.
0:08 of 2nd period - Stopped by Cayden Primeau with a rebound.
0:48 of 2nd period - Off-side.
0:49 of 2nd period - Nick Suzuki wins face-off versus Pierre-Luc Dubois in neutral zone.
2:11 of 2nd period - Slapshot by Alex Newhook.
2:11 of 2nd period - Deflect By Cole Caufield.
2:11 of 2nd period - Stopped by Cayden Primeau without a rebound.
2:12 of 2nd period - Garret Pilon wins face-off versus Sasha Chmelevski in Firebirds zone.
2:55 of 2nd period - Minor Penalty to Josh Anderson for Tripping.
2:56 of 2nd period - Jacob De La Rose wins face-off versus Jake Evans in Rockets zone.
3:14 of 2nd period - Jacob Bryson is hit by Jake Evans and loses puck.
3:55 of 2nd period - Pierre-Luc Dubois is hit by John Marino and loses puck.
4:55 of 2nd period - Penalty to Josh Anderson is over, Josh Anderson is back on ice.
5:18 of 2nd period - Wrist shot by Kirby Dach.
5:18 of 2nd period - Shot Misses the Net.
5:46 of 2nd period - Fredrik Olofsson is hit by Alex Newhook and loses puck.
6:20 of 2nd period - Slapshot by Quinn Hughes.
6:20 of 2nd period - Shot Blocked by Hayden Hodgson.
7:06 of 2nd period - Pierre-Luc Dubois is hit by Jacob Bryson and loses puck.
8:19 of 2nd period - Wrist shot by Pierre-Luc Dubois.
8:19 of 2nd period - Shot Blocked by Nick Suzuki.
8:21 of 2nd period - Snap shot by Eric Robinson.
8:21 of 2nd period - Shot Blocked by Quinn Hughes.
8:23 of 2nd period - Wrist shot by Eric Robinson.
8:23 of 2nd period - Shot Misses the Net.
8:55 of 2nd period - Corey Shueneman is hit by Jacob De La Rose and loses puck.
10:10 of 2nd period - Slapshot by Sasha Chmelevski.
10:10 of 2nd period - Shot Misses the Net.
10:12 of 2nd period - Slapshot by Jacob Middleton.
10:12 of 2nd period - Deflect By Jonah Gadjovich.
10:12 of 2nd period - Stopped by Pyotr Kochetkov without a rebound.
10:13 of 2nd period - Garret Pilon wins face-off versus Sasha Chmelevski in Rockets zone.
10:20 of 2nd period - Snap shot by Sasha Chmelevski.
10:20 of 2nd period - Shot Misses the Net.
10:22 of 2nd period - Slapshot by Jonah Gadjovich.
10:22 of 2nd period - Shot Misses the Net.
10:24 of 2nd period - Wrist shot by Matej Blumel.
10:24 of 2nd period - Shot Misses the Net.
11:09 of 2nd period - Dylan Coghlan is hit by Alex Newhook and loses puck.
11:32 of 2nd period - Wrist shot by Hayden Hodgson.
11:32 of 2nd period - Stopped by Pyotr Kochetkov with a rebound.
11:49 of 2nd period - Minor Penalty to Eric Robinson for Cross-checking.
11:50 of 2nd period - Jake Evans wins face-off versus Jacob De La Rose in Firebirds zone.
11:59 of 2nd period - Slapshot by Victor Mete.
11:59 of 2nd period - Shot Blocked by Eetu Luostarinen.
12:01 of 2nd period - Wrist shot by Hayden Hodgson.
12:01 of 2nd period - Goal by Hayden Hodgson - Firebirds : 2 - Rockets : 1.
12:02 of 2nd period - Jacob De La Rose wins face-off versus Jake Evans in neutral zone.
12:10 of 2nd period - Snap shot by Josh Anderson.
12:10 of 2nd period - Stopped by Cayden Primeau with a rebound.
12:12 of 2nd period - Slapshot by Quinn Hughes.
12:12 of 2nd period - Shot Hit the Post.
12:16 of 2nd period - Slapshot by Quinn Hughes.
12:16 of 2nd period - Shot Hit the Post.
12:18 of 2nd period - Slapshot by John Marino.
12:18 of 2nd period - Deflect By Victor Mete.
12:18 of 2nd period - Stopped by Cayden Primeau with a rebound.
12:31 of 2nd period - Icing by Quinn Hughes.
12:32 of 2nd period - Jake Evans wins face-off versus Nick Suzuki in Rockets zone.
12:41 of 2nd period - Slapshot by Quinn Hughes.
12:41 of 2nd period - Shot Blocked by Dylan Coghlan.
12:53 of 2nd period - Slapshot by Quinn Hughes.
12:53 of 2nd period - Stopped by Cayden Primeau with a rebound.
13:13 of 2nd period - Slapshot by Jeff Corbett.
13:13 of 2nd period - Stopped by Cayden Primeau with a rebound.
13:43 of 2nd period - Icing by Jacob Bryson.
13:44 of 2nd period - Nick Suzuki wins face-off versus Jasper Weatherby in Rockets zone.
13:49 of 2nd period - Penalty to Eric Robinson is over, Eric Robinson is back on ice.
14:11 of 2nd period - Snap shot by Matias Maccelli.
14:11 of 2nd period - Shot Misses the Net.
14:27 of 2nd period - Matthew Kiersted is hit by Tage Thompson and loses puck.
14:50 of 2nd period - Slapshot by Matias Maccelli.
14:50 of 2nd period - Stopped by Cayden Primeau without a rebound.
14:51 of 2nd period - Jacob De La Rose wins face-off versus Sasha Chmelevski in Firebirds zone.
15:19 of 2nd period - Garret Pilon is hit by Wade Allison and loses puck.
16:53 of 2nd period - Fredrik Olofsson is hit by Eetu Luostarinen and loses puck.
17:18 of 2nd period - Minor Penalty to Matthew Kiersted for Delaying the game.
17:19 of 2nd period - Jake Evans wins face-off versus Jacob De La Rose in Firebirds zone.
19:18 of 2nd period - Penalty to Matthew Kiersted is over, Matthew Kiersted is back on ice.
19:45 of 2nd period - Off-side.
19:46 of 2nd period - Jacob De La Rose wins face-off versus Sasha Chmelevski in neutral zone.
19:57 of 2nd period - Snap shot by Victor Mete.
19:57 of 2nd period - Deflect By Jonah Gadjovich.
19:57 of 2nd period - Shot Hit the Post.
19:57 of 2nd period - Puck is out of play.
19:58 of 2nd period - Wade Allison wins face-off versus Nick Suzuki in Rockets zone.
Goals for this period are 1 for Firebirds vs 0 for Rockets.
Shots for this period are 3 for Firebirds vs 7 for Rockets.
3rd period
0:01 of 3rd period - Jake Evans wins face-off versus Jacob De La Rose in neutral zone.
0:04 of 3rd period - Slapshot by Corey Shueneman.
0:04 of 3rd period - Shot Misses the Net.
0:06 of 3rd period - Slapshot by Jake Evans.
0:06 of 3rd period - Stopped by Pyotr Kochetkov without a rebound.
0:07 of 3rd period - Jake Evans wins face-off versus Jacob De La Rose in Rockets zone.
0:12 of 3rd period - Wrist shot by Jake Evans.
0:12 of 3rd period - Stopped by Pyotr Kochetkov with a rebound.
0:14 of 3rd period - Wrist shot by Thomas Spelling.
0:14 of 3rd period - Shot Misses the Net.
0:16 of 3rd period - Slapshot by Corey Shueneman.
0:16 of 3rd period - Shot Blocked by Quinn Hughes.
0:32 of 3rd period - Snap shot by Josh Anderson.
0:32 of 3rd period - Shot Misses the Net.
0:34 of 3rd period - Slapshot by Jacob De La Rose.
0:34 of 3rd period - Shot Misses the Net.
1:53 of 3rd period - Slapshot by Jake Evans.
1:53 of 3rd period - Stopped by Pyotr Kochetkov with a rebound.
2:01 of 3rd period - Slapshot by Thomas Spelling.
2:01 of 3rd period - Shot Misses the Net.
2:03 of 3rd period - Slapshot by Corey Shueneman.
2:03 of 3rd period - Shot Misses the Net.
2:09 of 3rd period - Snap shot by Jake Evans.
2:09 of 3rd period - Shot Blocked by John Marino.
2:11 of 3rd period - Slapshot by Victor Mete.
2:11 of 3rd period - Shot Misses the Net.
2:17 of 3rd period - Snap shot by Jake Evans.
2:17 of 3rd period - Stopped by Pyotr Kochetkov with a rebound.
2:19 of 3rd period - Wrist shot by Corey Shueneman.
2:19 of 3rd period - Stopped by Pyotr Kochetkov with a rebound.
2:21 of 3rd period - Wrist shot by Jake Evans.
2:21 of 3rd period - Stopped by Pyotr Kochetkov with a rebound.
2:23 of 3rd period - Snap shot by Thomas Spelling.
2:23 of 3rd period - Stopped by Pyotr Kochetkov with a rebound.
2:25 of 3rd period - Wrist shot by Thomas Spelling.
2:25 of 3rd period - Stopped by Pyotr Kochetkov with a rebound.
2:27 of 3rd period - Snap shot by Hayden Hodgson.
2:27 of 3rd period - Shot Misses the Net.
2:46 of 3rd period - Icing by Quinn Hughes.
2:47 of 3rd period - Pierre-Luc Dubois wins face-off versus Jacob De La Rose in Rockets zone.
2:49 of 3rd period - Minor Penalty to Pierre-Luc Dubois for Kneeing.
2:50 of 3rd period - Nick Suzuki wins face-off versus Jasper Weatherby in Firebirds zone.
2:52 of 3rd period - Wrist shot by Nick Suzuki.
2:52 of 3rd period - Stopped by Cayden Primeau with a rebound.
3:40 of 3rd period - Jasper Weatherby is hit by Garret Pilon and loses puck.
4:49 of 3rd period - Penalty to Pierre-Luc Dubois is over, Pierre-Luc Dubois is back on ice.
6:11 of 3rd period - Eric Robinson is hit by Garret Pilon and loses puck.
9:54 of 3rd period - Icing by Jake Evans.
9:55 of 3rd period - Sasha Chmelevski wins face-off versus Nick Suzuki in Firebirds zone.
10:26 of 3rd period - Wrist shot by Jake Evans.
10:26 of 3rd period - Stopped by Pyotr Kochetkov with a rebound.
10:51 of 3rd period - Snap shot by Jasper Weatherby.
10:51 of 3rd period - Stopped by Pyotr Kochetkov with a rebound.
10:53 of 3rd period - Backhand shot by Maksim Sushko.
10:53 of 3rd period - Stopped by Pyotr Kochetkov with a rebound.
11:19 of 3rd period - Wade Allison is hit by John Marino and loses puck.
11:52 of 3rd period - Wrist shot by Quinn Hughes.
11:52 of 3rd period - Shot Blocked by Corey Shueneman.
11:54 of 3rd period - Snap shot by Tage Thompson.
11:54 of 3rd period - Shot Blocked by Victor Mete.
12:06 of 3rd period - Alex Newhook is hit by Pierre-Luc Dubois and loses puck.
12:21 of 3rd period - Snap shot by Jonah Gadjovich.
12:21 of 3rd period - Stopped by Pyotr Kochetkov without a rebound.
12:22 of 3rd period - Jacob De La Rose wins face-off versus Sasha Chmelevski in Rockets zone.
12:22 of 3rd period - Jacob De La Rose is hit by Sasha Chmelevski.
12:46 of 3rd period - Slapshot by Hayden Hodgson.
12:46 of 3rd period - Deflect By Nick Suzuki.
12:46 of 3rd period - Stopped by Pyotr Kochetkov without a rebound.
12:47 of 3rd period - Nick Suzuki wins face-off versus Jake Evans in Rockets zone.
12:59 of 3rd period - Slapshot by Quinn Hughes.
12:59 of 3rd period - Shot Blocked by John Ludvig.
13:19 of 3rd period - Snap shot by Nick Suzuki.
13:19 of 3rd period - Stopped by Cayden Primeau without a rebound.
13:20 of 3rd period - Pierre-Luc Dubois wins face-off versus Jacob De La Rose in Firebirds zone.
13:43 of 3rd period - Icing by Quinn Hughes.
13:44 of 3rd period - Jacob De La Rose wins face-off versus Jasper Weatherby in Rockets zone.
13:55 of 3rd period - Wrist shot by Jasper Weatherby.
13:55 of 3rd period - Stopped by Pyotr Kochetkov without a rebound.
13:56 of 3rd period - Jake Evans wins face-off versus Jacob De La Rose in Rockets zone.
13:57 of 3rd period - Wrist shot by Thomas Spelling.
13:57 of 3rd period - Stopped by Pyotr Kochetkov without a rebound.
13:58 of 3rd period - Jake Evans wins face-off versus Eetu Luostarinen in Rockets zone.
14:03 of 3rd period - Wrist shot by Thomas Spelling.
14:03 of 3rd period - Stopped by Pyotr Kochetkov with a rebound.
14:05 of 3rd period - Slapshot by Victor Mete.
14:05 of 3rd period - Stopped by Pyotr Kochetkov without a rebound.
14:06 of 3rd period - Jacob De La Rose wins face-off versus Jake Evans in Rockets zone.
14:08 of 3rd period - Minor Penalty to Josh Anderson for Hooking.
14:09 of 3rd period - Jacob De La Rose wins face-off versus Jake Evans in Rockets zone.
14:22 of 3rd period - Wrist shot by Thomas Spelling.
14:22 of 3rd period - Shot Blocked by John Marino.
14:24 of 3rd period - Slapshot by Corey Shueneman.
14:24 of 3rd period - Stopped by Pyotr Kochetkov with a rebound.
16:08 of 3rd period - Penalty to Josh Anderson is over, Josh Anderson is back on ice.
17:09 of 3rd period - Minor Penalty to Aliaksei Protas for Roughing.
17:10 of 3rd period - Jacob De La Rose wins face-off versus Jake Evans in Rockets zone.
17:38 of 3rd period - Wrist shot by Pierre-Luc Dubois.
17:38 of 3rd period - Stopped by Pyotr Kochetkov with a rebound.
19:09 of 3rd period - Penalty to Aliaksei Protas is over, Aliaksei Protas is back on ice.
19:22 of 3rd period - Rockets, Pyotr Kochetkov is pulled from the net.
Goals for this period are 0 for Firebirds vs 0 for Rockets.
Shots for this period are 19 for Firebirds vs 2 for Rockets.